cohdb
Replays
Latest Replays
All Replays
Popular Replays
Top Player Replays
Match Explorer
How It Works
Community
CoH3 Stats
Reddit
Sign in to upload your games and track your stats! →
Sign in with Steam
Match 46628633
Unlisted
Match 46628633
Overview
Messages
Build Orders
End
Selects Italian Combined Arms Battlegroup
Selects Bersaglieri Squad
Bersaglieri Squad
Kradschützen Motorcycle Team
Bersaglieri Squad
Bersaglieri Squad
Construct Light Support Kompanie
Selects Bersaglieri Bolster
Construct Mechanized Kompanie
8 Rad Armored Car
Vehicle Survival Package
2.5-tonne Medical Truck
8 Rad Armored Car
Selects Breda Model 30 Light Machine Guns
Marder III Tank Destroyer
Marder III Tank Destroyer
Construct Panzerarmee Kommand
Emergency Repair Kits
Selects Semovente da 75/18 Assault Gun
Selects Strafing Run
Panzer III L Medium Tank
Tungsten Core Ammunition
Strafing Run
Panzer III L Medium Tank
Marder III Tank Destroyer
Selects Artillery Cover
Panzer III L Medium Tank
Strafing Run
Symbiosis
aSIIDemolitionHammer
Mr.Centurion
Seocheon
0
0
Comments
sign in to comment!
No comments posted yet!